 Dungeon Crawl Stone Soup version 0.31-a0-152-g6aa68a64a1 (webtiles) character file.

Game seed: 14274079845682108245

2778812 TittyCrusher the Middleweight Champion (level 27, 291/291 HPs)
             Began as a Barachi Transmuter on June 8, 2023.
             Was the Champion of Cheibriados.
             Escaped with the Orb
             ... and 4 runes on June 9, 2023!
             The game lasted 03:24:38 (53821 turns).

TittyCrusher the Middleweight Champion (BaTm)      Turns: 53821, Time: 03:24:39

Health: 291/291    AC: 35    Str: 41    XL:     27
Magic:  37/44      EV: 46    Int: 32    God:    Cheibriados [******]
Gold:   8662       SH: 19    Dex: 39    Spells: 19/42 levels left

rFire   + .          .
                       - Unarmed
rCold   + + .        f - +1 kite shield {AC+3}
rNeg    + + +        w - melded +3 troll leather armour {Snorg}
rPois   ∞            l - +0 helmet "Salol" {Dex+4}
rElec   +            o - +1 cloak of the Blizzard {rN++ Str+3 Int-5}
rCorr   .            S - melded +1 pair of gloves
SInv    .            n - melded +2 pair of boots
Will    +++..        B - amulet "Kuchaosu" {Regen+ Int+5}
Stlth   +            Y - ring "Deseirekk" {*Corrode +Blink rF+ rC+ MP+9}
HPRegen 1.48/turn    s - ring of Viavvom {Will+ Str+6}
MPRegen 0.29/turn

%: corrode self (3%)
@: statue-form, wereblooded, studying Necromancy, very slow
A: slow and powerful, torment resistance 1, boosted hp, amphibious, (slowness
1), strong legs 2, +LOS, (iridescent scales 1), agile 1, cold resistance 1,
frail 1, poison resistance, (shaggy fur 1)
0: Orb of Zot
}: 4/15 runes: serpentine, barnacled, slimy, silver
a: Hop, End Transformation, Renounce Religion, Evoke Blink, Bend Time, Temporal
Distortion, Slouch, Step From Time


You escaped.
You worshipped Cheibriados.
Cheibriados was exalted by your worship.
You were a living statue of rough stone.
You visited 12 branches of the dungeon, and saw 56 of its levels.
You also visited: Trove and Wizlab.

You collected 9809 gold pieces.
You spent 1147 gold pieces at shops.

Inventory:

Missiles
 h - 406 stones (quivered)
Armour
 f - a +1 kite shield of protection (worn)
 l - the +0 helmet "Salol" (worn) {Dex+4}
   (You found it on level 14 of the Dungeon)

   Dex:       It affects your dexterity (+4).
 n - a +2 pair of boots (melded)
 o - the +1 cloak of the Blizzard (worn) {rN++ Str+3 Int-5}
   (You found it on level 3 of the Snake Pit)

   Str:       It affects your strength (+3).
   Int:       It affects your intelligence (-5).
   rN:        It greatly protects you from negative energy.
 w - a +3 troll leather armour (melded) {Snorg}
 N - a +0 cloak
 S - a +1 pair of gloves (melded)
Jewellery
 a - a ring of see invisible
 e - the amulet "Puczoon" {Faith rCorr MP-9 Dex+9}
   (You found it in a wizard's laboratory)

   [amulet of faith]

   It allows you to gain divine favour quickly.
   Dex:       It affects your dexterity (+9).
   MP:        It affects your magic capacity (-9).
   rCorr:     It protects you from acid and corrosion.
 p - the ring "Nikk" {rElec Dex+6}
   (You found it on level 5 of the Pits of Slime)

   [ring of dexterity]

   Dex:       It affects your dexterity (+6).
   rElec:     It insulates you from electricity.
 s - the ring of Viavvom (right fist) {Will+ Str+6}
   (You found it in a treasure trove)

   [ring of willpower]

   Str:       It affects your strength (+6).
   Will:      It increases your willpower.
 t - the ring "Curafow" {rCorr Dex+6}
   (You took it off a yaktaur captain on level 5 of the Vaults)

   [ring of dexterity]

   Dex:       It affects your dexterity (+6).
   rCorr:     It protects you from acid and corrosion.
 v - a ring of willpower
 x - a ring of protection from fire
 A - the amulet "Ebeneaq" {Acrobat rElec}
   (You found it in a treasure trove)

   [amulet of the acrobat]

   It increases your evasion while moving and waiting.
   rElec:     It insulates you from electricity.
 B - the amulet "Kuchaosu" (around neck) {Regen+ Int+5}
   (You found it in a treasure trove)

   [amulet of regeneration]

   Int:       It affects your intelligence (+5).
   Regen:     It increases your rate of health regeneration.
 G - the ring "Ofesi" {rPois Will+}
   (You found it in a treasure trove)

   [ring of poison resistance]

   rPois:     It protects you from poison.
   Will:      It increases your willpower.
 I - a +5 ring of evasion
 J - a ring of willpower
 Q - the ring of Pasir {Fly rElec rF+ rN+}
   (You took it off a deep elf high priest on level 3 of the Elven Halls)

   [ring of flight]

   rF:        It protects you from fire.
   rElec:     It insulates you from electricity.
   rN:        It protects you from negative energy.
   Fly:       It grants you flight.
 T - the ring of Wu Jian's Esteem {rC+ rN+ Int+4}
   (You found it on level 1 of the Lair of Beasts)

   [ring of protection from cold]

   Int:       It affects your intelligence (+4).
   rC:        It protects you from cold.
   rN:        It protects you from negative energy.
 Y - the ring "Deseirekk" (left fist) {*Corrode +Blink rF+ rC+ MP+9}
   (You found it in a treasure trove)

   [ring of protection from cold]

   rF:        It protects you from fire.
   rC:        It protects you from cold.
   MP:        It affects your magic capacity (+9).
   +Blink:    It lets you blink.
   *Corrode:  It may corrode you when you take damage.
Wands
 z - a wand of flame (65)
 U - a wand of digging (16)
 W - a wand of light (25)
Scrolls
 g - 2 scrolls of magic mapping
 j - 7 scrolls of fog
 k - 2 scrolls of butterflies
 m - 13 scrolls of poison
 q - 10 scrolls of blinking
 u - 6 scrolls of enchant armour
 y - 21 scrolls of teleportation
 C - 8 scrolls of immolation
 X - 13 scrolls of fear
Potions
 b - 3 potions of resistance
 c - 13 potions of lignification
 r - 13 potions of haste
 D - 8 potions of ambrosia
 E - a potion of invisibility
 F - 7 potions of attraction
 H - 21 potions of mutation
 K - 23 potions of curing
 L - 15 potions of heal wounds
 O - 12 potions of enlightenment
 R - 5 potions of brilliance
 V - 2 potions of magic
 Z - 4 potions of cancellation
Miscellaneous
 i - a lightning rod (4/4)
 M - a condenser vane
 P - a sack of spiders


   Skills:
 O Level 27 Fighting
 - Level 8.0 Armour
 + Level 22.5 Dodging
 - Level 15.0 Shields
 O Level 27 Unarmed Combat
 - Level 8.4 Spellcasting
 - Level 5.5 Translocations
 - Level 12.9 Transmutations
 - Level 6.5 Ice Magic
 - Level 12.7 Earth Magic
 - Level 4.1 Poison Magic
 - Level 17.3 Invocations
 - Level 15.0 Evocations


You had 19 spell levels left.
You knew the following spells:

 Your Spells              Type           Power      Damage    Failure   Level
a - Statue Form           Tmut/Erth      51%        N/A       3%          6
b - Wereblood             Tmut           77%        N/A       1%          2
c - Frozen Ramparts       Ice            100%       1d16      1%          3
d - Petrify               Tmut/Erth      77%        N/A       1%          4
e - Ice Form              Ice/Tmut       66%        N/A       1%          4
f - Blink                 Tloc           98%        N/A       1%          2
g - Lesser Beckoning      Tloc           98%        N/A       1%          2

Your spell library contained the following spells:

 Spells                   Type           Power      Damage    Failure   Level
 Apportation              Tloc           98%        N/A       1%          1
 Beastly Appendage        Tmut           100%       N/A       1%          1
 Ignite Poison            Fire/Tmut/Pois 49%        N/A       1%          3
 Ozocubu's Armour         Ice            53%        N/A       1%          3
 Spider Form              Tmut/Pois      61%        N/A       1%          3
 Blade Hands              Tmut           38%        N/A       1%          5
 Lee's Rapid Deconstruct  Erth           38%        3d19*     1%          5
 Momentum Strike          Conj/Tloc      62%        3d9       2%          2
 Leda's Liquefaction      Hex/Erth       26%        N/A       3%          4
 Alistair's Intoxication  Tmut/Pois      40%        N/A       3%          5
 Foxfire                  Conj/Fire      52%        2x1d6     4%          1
 Kiss of Death            Conj/Necr      52%        2d9       4%          1
 Magic Dart               Conj           52%        1d5       4%          1
 Necrotise                Necr           52%        1d6       4%          1
 Slow                     Hex            52%        N/A       4%          1
 Summon Small Mammal      Summ           52%        N/A       4%          1
 Cigotuvi's Dreadful Rot  Necr/Pois/Air  44%        N/A       4%          2
 Portal Projectile        Hex/Tloc       62%        N/A       4%          3
 Manifold Assault         Tloc           49%        N/A       4%          4
 Call Imp                 Summ           26%        N/A       7%          2
 Searing Ray              Conj           26%        2d5       7%          2
 Sublimation of Blood     Necr           13%        N/A       7%          2
 Mephitic Cloud           Conj/Pois/Air  22%        N/A       8%          3
 Olgreb's Toxic Radiance  Pois           39%        N/A       9%          4
 Borgnjor's Vile Clutch   Necr/Erth      26%        N/A       9%          5
 Irradiate                Conj/Tmut      26%        3d20      9%          5
 Yara's Violent Unravell  Hex/Tmut       26%        3d11      9%          5
 Summon Ice Beast         Ice/Summ       34%        N/A       12%         4
 Call Canine Familiar     Summ           13%        N/A       14%         3
 Confusing Touch          Hex            13%        N/A       14%         3
 Dazzling Flash           Conj/Hex       26%        N/A       14%         3
 Inner Flame              Hex/Fire       13%        N/A       14%         3
 Summon Guardian Golem    Hex/Summ       13%        N/A       14%         3
 Vampiric Draining        Necr           13%        2d6       14%         3
 Dragon Form              Tmut           38%        N/A       19%         7
 Eringya's Noxious Bog    Tmut/Pois      30%        N/A       22%         6
 Metabolic Englaciation   Hex/Ice        17%        N/A       32%         5
 Anguish                  Hex/Necr       6%         N/A       41%         4
 Animate Dead             Necr           13%        N/A       41%         4
 Cause Fear               Hex            6%         N/A       41%         4
 Flame Wave               Conj/Fire      13%        2d6       41%         4
 Fulminant Prism          Conj/Hex       6%         3d7       41%         4
 Sticky Flame             Conj/Fire      13%        2d4       41%         4
 Freezing Cloud           Conj/Ice/Air   13%        6-21      45%         5
 Leda's Unmaking          Conj/Erth      26%        9d5       45%         6
 Agony                    Necr           13%        N/A       77%         5
 Fireball                 Conj/Fire      6%         3d5       77%         5
 Silence                  Hex/Air        6%         N/A       77%         5
 Simulacrum               Ice/Necr       17%        N/A       88%         6
 Ozocubu's Refrigeration  Ice            26%        4d13      95%         7
 Storm Form               Tmut/Air       26%        N/A       95%         7
 Conjure Ball Lightning   Conj/Air       6%         3x3d6     100%        6
 Death Channel            Necr           6%         N/A       100%        6
 Plasma Beam              Fire/Air       6%         2x1d17    100%        6
 Starburst                Conj/Fire      6%         6d4       100%        6
 Enfeeble                 Hex            6%         N/A       100%        7
 Discord                  Hex            6%         N/A       100%        8
 Disjunction              Tloc           24%        N/A       100%        8
 Ignition                 Fire           6%         3d4       100%        8
 Necromutation            Tmut/Necr      26%        N/A       100%        8
 Summon Horrible Things   Summ           6%         N/A       100%        8
 Polar Vortex             Ice            26%        N/A       100%        9


Dungeon Overview and Level Annotations

Branches:
Dungeon (15/15)            Temple (1/1) D:7            Lair (5/5) D:11
 Shoals (4/4) Lair:3        Snake (4/4) Lair:2        Slime (5/5) Lair:5
    Orc (2/2) D:12            Elf (3/3) Orc:2        Vaults (5/5) D:13
  Crypt (3/3) Vaults:3       Tomb (0/3) Crypt:3      Depths (4/4) D:15
    Zot (5/5) Depths:4     WizLab (visited)

Altars:
Ashenzari
Cheibriados
Dithmenos
Elyvilon
Fedhas
Gozag
Hepliaklqana
Kikubaaqudgha
Makhleb
Nemelex Xobeh
Okawaru
Qazlal
Ru
Sif Muna
Trog
Uskayaw
Vehumet
Wu Jian
Xom
Yredelemnul
Zin
The Shining One
Jiyva
Lugonu

Shops:
D:7 (   D:10 *   D:12 ([   Orc:2 **[:   Shoals:1 [   Shoals:4 (   Snake:1 *[
Snake:4 ?   Vaults:1 [:   Vaults:2 =   Depths:2 *   Depths:3 :

Portals:
Hell: Depths:1 Depths:2 Depths:3 Depths:4
Abyss: Depths:3 Depths:4
Pandemonium: Orc:2 Depths:1 Depths:2 Depths:4
Ziggurat: Depths:4

Annotations:
Elf:1 2 runed translucent doors
Elf:2 3 runed translucent doors
Zot:5 exclusion: obsidian statue


Innate Abilities, Weirdness & Mutations

You are a living statue of rough stone.
Your actions are slow, but your melee attacks are powerful.
You are resistant to unholy torment.
Your maximum health is greatly increased.
Your equipment is partially melded.
You are amphibious.
((You cover ground slowly.))
You can hop long distances.
You have an extended range of vision and can be seen from far away.
((You are partially covered in iridescent scales. (AC +2)))
You are agile. (Dex +4, Str/Int -1)
Your flesh is cold resistant. (rC+)
You are frail. (-10% HP)
Your system is resistant to poisons. (rPois)
((You are covered in fur. (AC +1)))


Message History

There is a stone staircase leading up here.
You climb upwards.
There is a stone staircase leading down here.
Your transformation is almost over.
HP restored.
You revert to your normal fleshy form.
Your +1 pair of gloves unmelds from your body.
Your +2 pair of boots unmelds from your body.
Your +3 troll leather armour {Snorg} unmelds from your body.
There is an open door here.
There is a stone staircase leading up here.
You climb upwards.
There is a stone staircase leading down here.
An Orb Guardian comes into view.
There is an escape hatch in the ceiling here.
A mysterious force pulls you upwards. The hatch slams shut behind you.
There is a stone staircase leading up here.
You climb upwards.
There is a stone staircase leading down, spattered with blood here.
There is a stone staircase leading up here.
You climb upwards.
There is a stone staircase leading down here.
There is a stone staircase leading up here.
You climb upwards.
There is a stone staircase leading down here.
There is a stone staircase leading up here.
You climb upwards.
There is a stone staircase leading down here.
There is an open door here.
There is a staircase leading out of the dungeon here.
Casting: Statue Form (mildly dangerous; 3% risk of failure)
Confirm with . or Enter, or press ? or * to list all spells.
You turn into a living statue of rough stone.
Your +1 pair of gloves melds into your body.
Your +2 pair of boots melds into your body.
Your +3 troll leather armour {Snorg} melds into your body.
Casting: Statue Form (mildly dangerous; 3% risk of failure)
Confirm with . or Enter, or press ? or * to list all spells.
Your blood is infused with primal strength.
You have escaped!

....#........#
###....#
.........##### ##...#
.###.##### ####>.. .#
#.#
###############......
.###.#
#.............'......
.#...#
#.#####.#######......
.#.##### ####.# ##.#
#...... .#.....#
#....##♣♣#♣.# #......
.#####.#
#^####♣8...♣# ####'##
## #.# #.# #♣..♣.♣#
#.# # #.#
#.######♣♣#♣.# ###.##
#.# #.....#####.##
#.....
#.#######...##.##
#.#.#. ##
#.#.....#.#....#
#.#... .#
#.#.#.#.#.######
#)#### .# #.#.#.#.#.#
#..... .# #.#...#.#.#
######


There were no monsters in sight!

Vanquished Creatures
  the Royal Jelly (Slime:5)
  5 dread liches
  4 orbs of fire
  4 ancient liches
  Josephina (Zot:1)
  The ghost of Xapeig the Slayer, a legendary GrAr of Okawaru (Zot:4)
  7 Killer Klowns
  Parghit (Zot:1)
  A caustic shrike (Depths:3)
  6 curse toes
  Nikola (Snake:1)
  A caustic shrike (shapeshifter) (Vaults:5)
  14 golden dragons
  A profane servitor (Crypt:3)
  Jory (Crypt:3)
  3 bone dragons
  A mutant beast (WizLab)
  The ghost of Gacleu the Warrior, an adept GrFi of Cheibriados (Crypt:2)
  5 electric golems
  A Hell Sentinel (Depths:3)
  18 tentacled monstrosities
  8 liches
  2 walking earthen tomes
  Jorgrun (D:15)
  27 Orb Guardians
  A walking frostbound tome (Depths:3)
  2 titans (Vaults:5)
  2 walking divine tomes (Depths:3)
  2 deep elf blademasters (Elf:3)
  5 quicksilver dragons
  A deep elf master archer (Elf:3)
  A quicksilver dragon (shapeshifter) (Zot:1)
  16 acid blobs
  An Executioner (Zot:1)
  5 krakens
  4 ancient champions
  13 death cobs
  Frances (Shoals:1)
  7 sphinxes
  10 shadow dragons
  Gastronok (Orc:1)
  21 storm dragons
  8 tengu reavers
  8 rockslimes
  A draconian knight (Zot:1)
  3 revenants
  10 fire giants
  11 azure jellies
  Ilsuiw (Shoals:4)
  3 nagarajas
  7 deep elf sorcerers
  9 draconian monks
  9 frost giants
  20 vault wardens
  Louise (Shoals:2)
  5 deep elf elementalists (Elf:3)
  2 ghost moths (Zot:2)
  10 ghouls
  7 draconian scorchers
  11 draconian shifters
  An angel (D:9)
  20 ironbound preservers
  Aizul (Snake:2)
  9 draconian annihilators
  9 quicksilver oozes
  A caustic shrike skeleton (Depths:3)
  8 very ugly things
  3 orc warlords
  2 war gargoyles (Vaults:5)
  6 draconian stormcallers
  8 formless jellyfish
  3 spriggan defenders (Depths:4)
  20 stone giants
  8 vampire knights
  12 black draconians
  15 green draconians
  9 ironbound thunderhulks
  The ghost of Paidunot the Warrior, a journeyman BaHu of Nemelex Xobeh (D:14)
  Nessos (D:12)
  6 deep elf demonologists (Elf:3)
  15 purple draconians
  3 lorocyprocas
  Azrael (D:12)
  A spark wasp (shapeshifter) (Vaults:5)
  8 dire elephants
  7 deep elf annihilators
  9 red draconians
  A minotaur (Shoals:2)
  2 demonspawn black suns
  14 white draconians
  12 yellow draconians
  4 spark wasps (Depths:4)
  4 eidola
  An acid blob zombie (Crypt:1)
  10 ettins
  2 blizzard demons
  7 merfolk impalers
  The ghost of SirDiesAlot the Thaumaturge, a journeyman SpEn of Dithmenos (Lair:5)
  Snorg (D:10)
  20 jiangshi
  9 deep elf death magi
  11 merfolk javelineers
  An entropy weaver (Vaults:5)
  A quicksilver dragon zombie (Crypt:1)
  11 yaktaur captains
  A green death (D:15)
  10 fire dragons
  3 rakshasas
  5 great orbs of eyes
  4 deep elf high priests
  A peacekeeper (Vaults:3)
  33 vault guards
  A jorogumo (shapeshifter) (Zot:1)
  9 ice dragons
  Erolcha (D:11)
  9 hydras
  3 ogre magi (Vaults:5)
  3 salamander tyrants (Snake:4)
  5 spriggan air magi
  3 death knights (Crypt:3)
  A spriggan skeleton (Crypt:3)
  14 anacondas
  8 merfolk avatars
  2 demonspawn (Orc:2)
  13 centaur warriors
  2 ironbound frosthearts
  21 dancing weapons
  7 merfolk aquamancers
  5 satyrs
  3 alligator snapping turtles (Shoals:4)
  5 boulder beetles
  3 two-headed ogres
  A titan zombie (Crypt:1)
  5 tengu warriors
  5 deep troll shamans
  Urug (Orc:2)
  5 deep troll earth magi
  20 naga warriors
  10 orc high priests
  8 spriggan berserkers
  5 vampire magi
  20 hell knights
  10 shock serpents
  A storm dragon zombie (Crypt:1)
  A sun demon (Zot:2)
  A soul eater (D:13)
  Sonja (Lair:4)
  8 deep elf knights
  13 naga sharpshooters
  4 salamander mystics
  2 bunyip zombies (Crypt:1)
  5 spriggans
  6 sixfirhies
  6 skysharks
  15 sea snakes
  17 skeletal warriors
  15 large abominations
  3 shadow wraiths (Crypt:3)
  A golden dragon zombie (Crypt:2)
  4 iron trolls
  A sea snake (shapeshifter) (Depths:4)
  60 deep trolls
  A kraken simulacrum (Shoals:4)
  4 glowing orange brains
  4 flayed ghosts
  18 deep elf archers
  A swamp dragon (Lair:5)
  2 bog bodies (Crypt:1)
  4 naga ritualists
  Pikel (D:7)
  21 ironbound convokers
  11 wizards
  3 phantasmal warriors
  16 lindwurms
  28 deep elf pyromancers
  17 orc knights
  18 necromancers
  22 deep elf zephyrmancers
  9 harpies
  6 orc sorcerers
  A shining eye (shapeshifter) (Vaults:5)
  A steelbarb worm (shapeshifter) (Vaults:5)
  13 mana vipers
  37 ugly things
  7 manticores
  18 salamanders
  5 shining eyes
  A tengu skeleton (Depths:3)
  7 cyclopes
  A cyclops (shapeshifter) (Vaults:5)
  20 moths of wrath
  An elephant (shapeshifter) (Depths:3)
  3 dire elephant zombies (Crypt:1)
  42 black mambas
  A black mamba (shapeshifter) (WizLab)
  21 naga magi
  7 guardian serpents
  An elephant (Shoals:2)
  23 fauns
  12 merfolk sirens
  A guardian serpent (shapeshifter) (WizLab)
  3 eyes of devastation
  A fire giant skeleton (Crypt:2)
  An ice statue (Shoals:2)
  A rust devil (Depths:1)
  2 cane toads (shapeshifter) (WizLab)
  2 water nymphs (Shoals:4)
  12 vault sentinels
  A stone giant skeleton (Crypt:1)
  2 orange demons (Depths:1)
  2 naga zombies (Crypt:1)
  A centaur skeleton (Crypt:3)
  7 torpor snails (Lair:5)
  9 cane toads
  2 gargoyles
  An alligator snapping turtle zombie (Crypt:1)
  A storm dragon simulacrum (Zot:1)
  2 unseen horrors (Depths:3)
  A hellion (Depths:1)
  12 komodo dragons
  Maggie (D:6)
  5 rime drakes
  4 tengu conjurers
  3 freezing wraiths (Crypt:3)
  A red devil (D:9)
  41 yaktaurs
  A harpy zombie (Crypt:1)
  2 ice devils
  3 polar bears
  8 meliai
  2 golden dragon simulacra
  A queen bee (Lair:5)
  9 trolls
  38 merfolk
  A queen bee (shapeshifter) (WizLab)
  A wind drake (shapeshifter) (Elf:1)
  15 hornets
  3 polar bears (shapeshifter) (WizLab)
  3 tyrant leeches (Lair:5)
  2 harpy skeletons
  A meliai (shapeshifter) (WizLab)
  A hornet (shapeshifter) (WizLab)
  Grinder (D:5)
  An iron troll skeleton (Crypt:1)
  A culicivora zombie (Crypt:1)
  A dream sheep (shapeshifter) (WizLab)
  12 dream sheep
  A snapping turtle (shapeshifter) (Depths:4)
  8 blink frogs (Lair:5)
  12 snapping turtles
  4 wind drakes
  A tengu simulacrum (Depths:3)
  A stone giant simulacrum (Vaults:4)
  48 flying skulls (Crypt:3)
  An air elemental (Elf:1)
  A spriggan (shapeshifter) (WizLab)
  A ynoxinul (Orc:2)
  A jumping spider (shapeshifter) (WizLab)
  49 slime creatures
  3 shadows (Crypt:3)
  An ettin skeleton (Crypt:1)
  53 yaks
  5 culicivoras (shapeshifter)
  A slime creature (shapeshifter) (Vaults:1)
  2 vampires
  2 fire dragon skeletons (Crypt:1)
  2 naga simulacra (Crypt:1)
  2 wraiths
  14 water elementals
  7 wyverns
  14 small abominations
  18 humans (D:13)
  4 golden eyes (shapeshifter)
  Grum (Lair:1)
  6 basilisks
  A neqoxec (Depths:1)
  A steam dragon (Lair:4)
  2 purple draconian simulacra (Zot:1)
  7 fire elementals
  A wind drake skeleton (Crypt:1)
  3 vampire mosquitoes (D:11)
  2 humans (shapeshifter) (WizLab)
  8 redbacks (Elf:3)
  3 chaos spawn
  A merfolk zombie (Crypt:1)
  2 harpy simulacra (Crypt:1)
  An iron golem (WizLab)
  A swamp worm (shapeshifter) (Elf:2)
  3 wargs
  56 nagas
  An acid dragon (shapeshifter) (WizLab)
  An acid dragon (Lair:5)
  A hell hound (D:12)
  Duvessa (D:4)
  4 floating eyes (WizLab)
  3 swamp drakes (Lair:5)
  An ice beast (shapeshifter) (WizLab)
  17 water moccasins
  A black bear (shapeshifter) (WizLab)
  3 sky beasts
  32 orc warriors
  An ice beast (Vaults:4)
  11 ogres
  20 wolves
  A boggart (D:5)
  8 centaurs
  A kobold brigand (D:7)
  13 bullfrogs
  A komodo dragon zombie (Crypt:2)
  A draconian zombie (Crypt:1)
  2 gnoll sergeants
  2 earth elementals (Elf:1)
  5 necrophages
  7 scorpions
  9 wights
  Dowan (D:4)
  A troll zombie (Crypt:2)
  A warg skeleton (Crypt:2)
  22 killer bees
  2 howler monkeys
  An electric eel (Lair:5)
  4 lava snakes (Lair:2)
  A gnoll bouda (D:4)
  3 hounds
  4 jellies
  22 orc priests
  A basilisk skeleton (Crypt:2)
  Jessica (D:3)
  Terence (D:3)
  6 iguanas
  11 orc wizards
  An ogre skeleton (Crypt:2)
  13 gnolls
  4 adders
  A shadow imp (D:6)
  A white imp (D:7)
  4 ufetubi
  3 dart slugs
  68 orcs
  4 ball pythons
  8 bats
  10 endoplasms
  A giant cockroach (D:4)
  6 goblins
  9 hobgoblins
  11 jackals
  4 quokkas
  2 frilled lizards (D:2)
  9 kobolds
  4 rats
  A rat skeleton (Crypt:2)
  15 tentacles
2460 creatures vanquished.

Vanquished Creatures (others)
  A golden dragon (Vaults:5)
  A tengu reaver (Depths:3)
  A draconian knight (Zot:4)
  A ghost moth (Zot:4)
  A draconian annihilator (Zot:4)
  A green draconian (Zot:1)
  A vault guard (Vaults:5)
  A quicksilver dragon simulacrum (Zot:1)
  A deep elf archer (Elf:1)
  A faun (Shoals:3)
  A smoke demon (Depths:2)
  A wraith (Crypt:3)
  A moth of wrath simulacrum (Zot:1)
  An orc (Elf:2)
  A kobold (D:7)
  29 tentacles
44 creatures vanquished.

Grand Total: 2504 creatures vanquished

Notes
Turn   | Place    | Note
-------+----------+-------------------------------------------
     0 | D:1      | TittyCrusher the Barachi Transmuter began the quest for the
                  | Orb.
     0 | D:1      | Reached XP level 1. HP: 15/15 MP: 3/3
   124 | D:1      | Reached XP level 2. HP: 12/21 MP: 3/5
   200 | D:1      | Learned a level 2 spell: Wereblood
   702 | D:1      | Reached XP level 3. HP: 26/26 MP: 4/6
   706 | D:1      | Learned a level 3 spell: Spider Form
   750 | D:1      | Reached skill level 1 in Poison Magic
  1315 | D:2      | Found a shadowy altar of Dithmenos.
  1569 | D:3      | Reached XP level 4. HP: 32/32 MP: 5/7
  1957 | D:3      | Found a faded altar of an unknown god.
  1992 | D:3      | Noticed Jessica
  1999 | D:3      | Killed Jessica
  2096 | D:3      | Noticed Terence
  2121 | D:3      | Killed Terence
  2122 | D:3      | Reached XP level 5. HP: 37/37 MP: 0/8
  2418 | D:4      | Noticed an ogre
  2434 | D:4      | Killed an ogre
  2447 | D:4      | Reached skill level 5 in Transmutations
  2447 | D:4      | Reached XP level 6. HP: 43/43 MP: 6/9
  2622 | D:4      | Found a shimmering altar of Xom.
  2720 | D:4      | Noticed Duvessa
  2721 | D:4      | Noticed Dowan
  2736 | D:4      | Killed Duvessa
  2764 | D:4      | Killed Dowan
  2765 | D:4      | Reached XP level 7. HP: 39/48 MP: 6/10
  3266 | D:5      | Entered Level 5 of the Dungeon
  3299 | D:5      | Noticed Grinder
  3324 | D:5      | Killed Grinder
  3325 | D:5      | Reached skill level 5 in Unarmed Combat
  3430 | D:5      | Reached XP level 8. HP: 54/54 MP: 7/11
  3452 | D:5      | Noticed Edmund
  3584 | D:5      | Learned a level 4 spell: Petrify
  3693 | D:5      | Learned a level 4 spell: Ice Form
  3847 | D:5      | Found a glowing silver altar of Zin.
  3898 | D:5      | Edmund changed into Edmund the boggart
  3898 | D:5      | Noticed Edmund
  3902 | D:5      | Killed Edmund the boggart
  3903 | D:5      | Reached skill level 1 in Earth Magic
  4765 | D:5      | Reached XP level 9. HP: 59/59 MP: 9/14
  4862 | D:6      | Found a hazy altar of Hepliaklqana.
  4868 | D:6      | Noticed Maggie
  4898 | D:6      | Killed Maggie
  4926 | D:6      | Reached skill level 5 in Dodging
  5627 | D:7      | Found Rarchyratt's Weapon Shoppe.
  5998 | D:7      | Noticed Pikel
  6009 | D:7      | Killed Pikel
  6010 | D:7      | Reached XP level 10. HP: 62/65 MP: 12/15
  6039 | D:7      | Reached skill level 10 in Unarmed Combat
  6265 | D:7      | Found a staircase to the Ecumenical Temple.
  6275 | Temple   | Entered the Ecumenical Temple
  6280 | Temple   | Became a worshipper of Cheibriados the Contemplative
  6320 | D:7      | Found a bloodstained altar of Trog.
  6399 | D:7      | Gained mutation: Your mind is acute. (Int +4, Str/Dex -1)
                  | [potion of mutation]
  6399 | D:7      | Gained mutation: Your spells are a little easier to cast,
                  | but a little less powerful. [potion of mutation]
  6399 | D:7      | Gained mutation: Your body sometimes deteriorates upon
                  | taking damage. [potion of mutation]
  7424 | D:8      | Reached * piety under Cheibriados
  8256 | D:9      | Found a radiant altar of Vehumet.
  8586 | D:9      | Found a white marble altar of Elyvilon.
  8857 | D:10     | Entered Level 10 of the Dungeon
  8883 | D:10     | Found Zumm's Hallowed Reliquary.
  8885 | D:10     | Noticed an angel
  8898 | D:10     | Reached XP level 11. HP: 72/72 MP: 14/16
  8899 | D:10     | Reached ** piety under Cheibriados
  8913 | D:10     | Reached skill level 5 in Fighting
  8940 | D:10     | Bought 2 potions of curing for 60 gold pieces
  8940 | D:10     | Bought a potion of curing for 30 gold pieces
  8940 | D:10     | Bought a potion of heal wounds for 50 gold pieces
  8940 | D:10     | Bought a potion of curing for 30 gold pieces
  8940 | D:10     | Bought a potion of heal wounds for 50 gold pieces
  9032 | D:10     | Noticed Snorg
  9077 | D:10     | Found a burning altar of Makhleb.
  9108 | D:10     | Noticed a two-headed ogre
  9122 | D:10     | Killed a two-headed ogre
  9269 | D:10     | Killed Snorg
  9650 | D:11     | Reached *** piety under Cheibriados
  9796 | D:11     | Noticed Erolcha
  9807 | D:11     | Killed Erolcha
  9808 | D:11     | Reached skill level 5 in Invocations
  9976 | D:11     | Identified the +6 flail of Utoer {flame, rElec Dex+2
                  | Stlth+}
 10185 | D:11     | Noticed a two-headed ogre
 10193 | D:11     | Killed a two-headed ogre
 10194 | D:11     | Reached XP level 12. HP: 53/92 MP: 9/17
 10438 | D:11     | Found a staircase to the Lair.
 10703 | Lair:1   | Entered Level 1 of the Lair of Beasts
 10719 | Lair:1   | Reached **** piety under Cheibriados
 10821 | Lair:1   | Identified the ring of Wu Jian's Esteem {rC+ rN+ Int+4}
 11120 | Lair:1   | Noticed Grum
 11139 | Lair:1   | Killed Grum
 11744 | Lair:2   | Reached skill level 15 in Unarmed Combat
 11768 | Lair:2   | Found a staircase to the Snake Pit.
 11779 | Lair:2   | Reached ***** piety under Cheibriados
 11804 | Lair:2   | Noticed a four-headed hydra
 11816 | Lair:2   | Killed a four-headed hydra
 12453 | Lair:3   | Found a staircase to the Shoals.
 12519 | Lair:3   | Gained mutation: You can hop long distances. [Barachi
                  | growth]
 12519 | Lair:3   | Reached XP level 13. HP: 94/98 MP: 18/18
 12540 | Lair:3   | Got the Essays on Cooperative Transfiguration
 13769 | Lair:4   | Noticed Sonja
 13778 | Lair:4   | Killed Sonja
 14094 | Lair:5   | Entered Level 5 of the Lair of Beasts
 14484 | Lair:5   | Reached skill level 10 in Invocations
 14490 | Lair:5   | Reached XP level 14. HP: 104/104 MP: 21/21
 14533 | Lair:5   | Found a staircase to the Slime Pits.
 14573 | Lair:4   | Learned a level 6 spell: Statue Form
 14608 | Lair:5   | Found a runed translucent door.
 14698 | Lair:5   | Reached ****** piety under Cheibriados
 14891 | Lair:5   | Found a transporter.
 14892 | Lair:5   | Found a transporter.
 14895 | Lair:5   | Noticed SirDiesAlot's ghost (journeyman SpEn)
 15132 | Lair:5   | Reached skill level 5 in Earth Magic
 15900 | Lair:5   | Killed SirDiesAlot's ghost
 15922 | Lair:5   | Identified the +8 orcbow "Beusoluck" {drain, Dex+4}
 16326 | D:12     | Noticed Nessos
 16329 | D:12     | Killed Nessos
 16367 | D:12     | Found a staircase to the Orcish Mines.
 16367 | D:12     | Found Noxkut's Weapon Shop.
 16367 | D:12     | Found Irokeg's Armour Shop.
 16658 | D:12     | Noticed Azrael
 16673 | D:12     | Killed Azrael
 16791 | D:12     | Reached skill level 1 in Shields
 16842 | D:12     | You fall into a shaft and drop 1 floor!
 17382 | Orc:1    | Entered Level 1 of the Orcish Mines
 17386 | Orc:1    | Gained mutation: Potions are less effective at restoring
                  | your health. [mutagenic glow]
 17447 | Orc:1    | Reached skill level 5 in Spellcasting
 17791 | Orc:2    | Entered Level 2 of the Orcish Mines
 17844 | Orc:1    | Noticed Gastronok
 17851 | Orc:1    | Killed Gastronok
 17988 | Orc:2    | Reached XP level 15. HP: 110/110 MP: 23/23
 17998 | Orc:2    | Noticed an orc warlord
 18020 | Orc:1    | Killed an orc warlord
 18218 | Orc:2    | Found a staircase to the Elven Halls.
 18235 | Orc:2    | Noticed Urug
 18241 | Orc:2    | Killed Urug
 18502 | Orc:2    | Found Bosy's General Store.
 18503 | Orc:2    | Found Coacuo Zuho's General Store.
 18530 | Orc:2    | Bought a condenser vane for 520 gold pieces
 18532 | Orc:2    | Bought a potion of heal wounds for 60 gold pieces
 18532 | Orc:2    | Bought 3 scrolls of fear for 144 gold pieces
 18532 | Orc:2    | Bought a scroll of identify for 24 gold pieces
 18567 | Orc:2    | Reached skill level 1 in Evocations
 18659 | Orc:2    | Reached skill level 5 in Evocations
 18713 | Orc:2    | Lost mutation: Your mind is acute. (Int +4, Str/Dex -1) [a
                  | neqoxec]
 18720 | Orc:2    | Found Meol's Book Emporium.
 18720 | Orc:2    | Found a one-way gate leading to the halls of Pandemonium.
 18720 | Orc:2    | Found Hyah's Antique Armour Shoppe.
 19680 | D:13     | Found a gate to the Vaults.
 20249 | D:14     | Found an iron altar of Okawaru.
 20578 | D:14     | Found a runed translucent gate.
 20578 | D:14     | Found a runed translucent gate.
 20579 | D:14     | Found a runed translucent gate.
 20581 | D:14     | Noticed Paidunot's ghost (journeyman BaHu)
 20620 | D:14     | Killed Paidunot's ghost
 20621 | D:14     | Reached XP level 16. HP: 116/116 MP: 25/25
 20651 | D:14     | Identified the +0 helmet "Salol" {Dex+4}
 20736 | D:15     | Entered Level 15 of the Dungeon
 20744 | D:15     | Noticed Jorgrun
 20760 | D:15     | Killed Jorgrun
 20761 | D:15     | Reached skill level 10 in Earth Magic
 20860 | D:15     | Found a portal to a secret trove of treasure.
 20878 | D:15     | Reached skill level 10 in Transmutations
 21043 | D:15     | You paid a toll of +4 fire dragon scales to enter a
                  | treasure trove
 21044 | Trove    | Entered a treasure trove
 21059 | Trove    | Identified the ring of Viavvom {Will+ Str+6}
 21069 | Trove    | Identified the amulet "Ebeneaq" {Acrobat rElec}
 21075 | Trove    | Identified the ring "Ofesi" {rPois Will+}
 21077 | Trove    | Identified the ring of Otacaf {Fire Int+3 Dex+3 Slay-4
                  | Stlth+}
 21078 | Trove    | Identified the ring "Deseirekk" {*Corrode +Blink rF+ rC+
                  | MP+9}
 21079 | Trove    | Identified the amulet "Kuchaosu" {Regen+ Int+5}
 21128 | D:15     | Lost mutation: Your spells are a little easier to cast, but
                  | a little less powerful. [potion of mutation]
 21128 | D:15     | Lost mutation: Your body sometimes deteriorates upon taking
                  | damage. [potion of mutation]
 21128 | D:15     | Lost mutation: Potions are less effective at restoring your
                  | health. [potion of mutation]
 21128 | D:15     | Gained mutation: You have sharp toenails. [potion of
                  | mutation]
 21537 | D:15     | Found a staircase to the Depths.
 21745 | Elf:1    | Entered Level 1 of the Elven Halls
 21949 | Elf:1    | Found a runed translucent door.
 21956 | Elf:1    | Reached skill level 10 in Dodging
 21975 | Elf:1    | Paralysed by an air elemental for 1 turns
 22018 | Elf:1    | Reached skill level 10 in Fighting
 22092 | Elf:1    | Found a runed translucent door.
 22092 | Elf:1    | Found a runed translucent door.
 22095 | Elf:1    | Found a runed translucent door.
 22303 | Elf:1    | Reached skill level 5 in Shields
 22614 | Elf:2    | Reached XP level 17. HP: 131/131 MP: 26/26
 23026 | Elf:2    | Found a runed translucent gate.
 23026 | Elf:2    | Found a runed translucent gate.
 23045 | Elf:2    | Found a runed translucent gate.
 23142 | Elf:2    | Reached skill level 10 in Shields
 23282 | Elf:3    | Entered Level 3 of the Elven Halls
 23304 | Elf:3    | Found a magical portal.
 23342 | WizLab   | Entered Cigotuvi's Fleshworks
 23515 | WizLab   | Noticed Cigotuvi's Monster
 23522 | WizLab   | Killed Cigotuvi's Monster
 23773 | WizLab   | Identified the amulet "Puczoon" {Faith rCorr MP-9 Dex+9}
 23834 | WizLab   | Got the Vellum of Teratogeny
 23848 | WizLab   | Got Cigotuvi's Teachings on Unholy Transfiguration
 24490 | Elf:3    | Noticed an Ice Fiend
 24493 | Elf:3    | Noticed a deep elf blademaster
 24494 | Elf:3    | Reached XP level 18. HP: 93/138 MP: 21/27
 24496 | Elf:3    | Killed a deep elf blademaster
 24594 | Elf:3    | Identified the ring of Pasir {Fly rElec rF+ rN+}
 24606 | Elf:3    | Noticed a deep elf blademaster
 24610 | Elf:3    | Killed a deep elf blademaster
 24627 | Elf:3    | Noticed a deep elf master archer
 24633 | Elf:3    | Killed a deep elf master archer
 24673 | Elf:3    | Identified the +4 scimitar of Cixusuj {freeze, rPois}
 24684 | Elf:3    | Identified the amulet of Springtime {Spirit Int+5 Dex+5}
 24686 | Elf:3    | Identified the +1 quarterstaff "Kukotuc" {drain, Str+3}
 24741 | Elf:3    | Identified the staff of fire "Itiuq" {rF+ Will+ rCorr
                  | Dex-4}
 24751 | Elf:3    | Identified the +0 cloak "Tiokah" {rF+ Str-5 Dex+3 Stlth+}
 24767 | Elf:3    | Got Cuoq's Octavo of Phlogiston
 24770 | Elf:3    | Identified the staff of air "Viciur" {rElec Will+ Str+3
                  | Int+3}
 24772 | Elf:3    | Identified the staff of air "Cotzi" {Contam rElec Str+2
                  | Int+4}
 24773 | Elf:3    | Identified the staff of air "Goddut" {rElec MP+9 Int+3}
 24785 | Elf:3    | Identified the staff of air "Vitued" {rElec rPois Will+
                  | Int+3 Stlth-}
 24868 | Elf:3    | Upgraded the game from 0.31-a0-150-g89dc3ad700 to
                  | 0.31-a0-152-g6aa68a64a1
 25201 | Snake:1  | Entered Level 1 of the Snake Pit
 25814 | Snake:1  | Noticed Nikola
 25825 | Snake:1  | Killed Nikola
 26360 | Snake:1  | Found Xutuff's Assorted Antiques.
 26375 | Snake:1  | Bought a scroll of teleportation for 75 gold pieces
 26401 | Snake:1  | Found Buipunwiriu's Armour Shop.
 27106 | Snake:2  | Noticed Aizul
 27116 | Snake:2  | Killed Aizul
 27902 | Snake:2  | Reached XP level 19. HP: 144/144 MP: 28/28
 28422 | Snake:3  | Identified the +1 cloak of the Blizzard {rN++ Str+3 Int-5}
 28779 | Snake:4  | Entered Level 4 of the Snake Pit
 28837 | Snake:4  | Found Oshen's Magic Scroll Boutique.
 28859 | Snake:4  | Bought a scroll of fear for 52 gold pieces
 28859 | Snake:4  | Bought a scroll of butterflies for 52 gold pieces
 28919 | Snake:4  | Reached skill level 15 in Shields
 30171 | Snake:4  | Got a serpentine rune of Zot
 30277 | Snake:4  | Learned a level 2 spell: Blink
 30280 | Snake:4  | Learned a level 2 spell: Lesser Beckoning
 30404 | Shoals:1 | Entered Level 1 of the Shoals
 30404 | Shoals:1 | You are sucked into a shaft and drop 1 floor!
 30404 | Shoals:2 | Found a runed translucent door.
 30466 | Shoals:2 | Reached XP level 20. HP: 151/151 MP: 29/29
 30553 | Shoals:2 | Noticed Louise
 30569 | Shoals:2 | Killed Louise
 30613 | Shoals:2 | Reached skill level 1 in Translocations
 30646 | Shoals:1 | Found Xemmauc's Armour Boutique.
 30880 | Shoals:1 | Noticed Frances
 30891 | Shoals:1 | Killed Frances
 31159 | Shoals:1 | Reached skill level 5 in Translocations
 31991 | Shoals:2 | Found a hide-covered altar of Uskayaw.
 32008 | Shoals:2 | Identified the +7 arbalest of the Sage {drain, *Slow Str+3
                  | Int+5}
 33141 | Shoals:4 | Entered Level 4 of the Shoals
 33332 | Shoals:4 | Got a barnacled rune of Zot
 33449 | Shoals:4 | Identified the staff of death "Wudghet" {rElec rF+++ rN+
                  | Will+ MP-9}
 33463 | Shoals:4 | Found Xasaiwu's Weapon Emporium.
 33829 | Shoals:4 | Noticed Ilsuiw
 33840 | Shoals:4 | Reached XP level 21. HP: 156/156 MP: 16/30
 33841 | Shoals:4 | Killed Ilsuiw
 34536 | Vaults:1 | Entered Level 1 of the Vaults
 34998 | Vaults:1 | Reached skill level 15 in Dodging
 35051 | Vaults:1 | Identified a scroll of acquirement
 35061 | Vaults:1 | Acquired a book of Rime
 35067 | Vaults:1 | Learned a level 3 spell: Frozen Ramparts
 35256 | Vaults:1 | Found Hatim's Book Shoppe.
 35317 | Vaults:1 | Found Kesaal's Armour Emporium.
 36112 | Vaults:2 | Found Inumoag's Jewellery Shop.
 36830 | Vaults:3 | Reached skill level 1 in Armour
 36977 | Vaults:3 | Reached skill level 5 in Armour
 36987 | Vaults:3 | Reached XP level 22. HP: 163/163 MP: 34/34
 37042 | Vaults:3 | Identified the +5 chain mail of Minor Irritation {Str+4}
 37476 | Vaults:3 | Found a staircase to the Crypt.
 37505 | Crypt:1  | Entered Level 1 of the Crypt
 37746 | Crypt:1  | Found an ancient bone altar of Kikubaaqudgha.
 37788 | Crypt:1  | Identified the +0 helmet of Bedevilment {rPois rC- rCorr
                  | Dex+2}
 38235 | Crypt:2  | Identified the +1 ring mail of Cyiti {Dex+3}
 38412 | Crypt:2  | Found a runed translucent gate.
 38418 | Crypt:2  | Found a runed translucent gate.
 38419 | Crypt:2  | Found a runed translucent gate.
 38421 | Crypt:2  | Noticed Gacleu's ghost (adept GrFi)
 38451 | Crypt:2  | Killed Gacleu's ghost
 38516 | Crypt:2  | Reached skill level 10 in Evocations
 38869 | Crypt:3  | Entered Level 3 of the Crypt
 39205 | Crypt:3  | Found an ancient bone altar of Kikubaaqudgha.
 39334 | Crypt:3  | Reached XP level 23. HP: 172/172 MP: 35/35
 39606 | Crypt:3  | Noticed Jory
 39621 | Crypt:3  | Killed Jory
 39671 | Crypt:3  | Identified the +0 scale mail "Diqiyhap" {Drain rElec Int-4
                  | Stlth+}
 39731 | Crypt:3  | Found a staircase to the Tomb.
 40161 | Vaults:3 | Reached skill level 15 in Evocations
 41661 | Slime:1  | Entered Level 1 of the Pits of Slime
 41792 | Slime:4  | Reached XP level 24. HP: 178/178 MP: 31/35
 41818 | Slime:5  | Entered Level 5 of the Pits of Slime
 41848 | Slime:5  | Gained mutation: You are frail. (-10% HP) [a shining eye]
 41861 | Slime:5  | Noticed the Royal Jelly
 41869 | Slime:5  | Gained mutation: Your magical capacity is low. (-10% MP) [a
                  | shining eye]
 41920 | Slime:5  | Found a viscous altar of Jiyva.
 41961 | Slime:5  | Killed the Royal Jelly
 42021 | Slime:5  | Identified the ring "Nikk" {rElec Dex+6}
 42026 | Slime:5  | Identified the +1 dagger "Sarcophage" {freeze, rC++ Dex+6}
 42071 | Slime:5  | Got the Handbook of the Vitriolic Fair Folk
 42093 | Slime:5  | Got a slimy rune of Zot
 42169 | Lair:5   | Lost mutation: You are frail. (-10% HP) [potion of
                  | mutation]
 42169 | Lair:5   | Lost mutation: Your magical capacity is low. (-10% MP)
                  | [potion of mutation]
 42169 | Lair:5   | Lost mutation: You have sharp toenails. [potion of
                  | mutation]
 42169 | Lair:5   | Gained mutation: You are partially covered in iridescent
                  | scales. (AC +2) [potion of mutation]
 42169 | Lair:5   | Gained mutation: Your flesh is cold resistant. (rC+)
                  | [potion of mutation]
 42424 | Depths:1 | Entered Level 1 of the Depths
 42474 | Depths:1 | You fall into a shaft and drop 1 floor!
 42759 | Depths:1 | Found a gateway to Hell.
 43494 | Depths:2 | Found Big Baal Hell's Store.
 43805 | Depths:3 | Found Ytoesh's Book Shoppe.
 44141 | Depths:3 | Found a one-way gate to the infinite horrors of the Abyss.
 44231 | Depths:3 | Noticed a caustic shrike
 44233 | Depths:3 | Killed a caustic shrike
 44235 | Depths:3 | Reached XP level 25. HP: 158/184 MP: 33/35
 44741 | Depths:4 | Entered Level 4 of the Depths
 44818 | Depths:4 | Found a one-way gateway to a ziggurat.
 44985 | Depths:4 | Found a corrupted altar of Lugonu.
 45078 | Depths:4 | Found a gate to the Realm of Zot.
 45133 | Depths:4 | Reached skill level 27 in Unarmed Combat
 45889 | Vaults:5 | Entered Level 5 of the Vaults
 45932 | Vaults:5 | Gained mutation: Your system is resistant to poisons.
                  | (rPois) [a shining eye]
 45944 | Vaults:5 | Reached skill level 15 in Fighting
 46051 | Vaults:5 | Identified the ring of Oroicin {Drain rC+ rN++ Dex+2
                  | Slay-3}
 46054 | Vaults:5 | Reached XP level 26. HP: 206/206 MP: 35/35
 46097 | Vaults:5 | Identified the +0 robe of Reotulef {Int-4 Dex+3}
 46205 | Vaults:5 | Identified the ring of the Lotus Blossom {rC- MP+9 Str+9
                  | Dex-4 Stlth+}
 46243 | Vaults:5 | Noticed a dread lich
 46258 | Vaults:5 | Killed a dread lich
 46413 | Vaults:5 | Identified the ring "Curafow" {rCorr Dex+6}
 46468 | Vaults:5 | Got a silver rune of Zot
 46746 | Vaults:5 | Identified the +0 chain mail of Negation {rC+}
 46854 | Vaults:5 | Identified the +6 scale mail of Inaction {rF- rN+++ Stlth+}
 47403 | Zot:1    | Entered Level 1 of the Realm of Zot
 47407 | Zot:1    | Noticed a Killer Klown
 47408 | Zot:1    | Paralysed by a Zot trap for 2 turns
 47408 | Zot:1    | Noticed an ancient lich
 47409 | Zot:1    | Noticed an orb of fire
 47521 | Zot:1    | Identified the ring "Furug" {Ice rElec rCorr Int-3 Dex+5}
 47521 | Zot:1    | Noticed Josephina
 47531 | Zot:1    | Killed an orb of fire
 47533 | Zot:1    | Killed Josephina
 47634 | Zot:1    | Killed an ancient lich
 47668 | Zot:1    | Noticed Parghit
 47675 | Zot:1    | Killed Parghit
 47711 | Zot:1    | Killed a Killer Klown
 47758 | Zot:1    | Noticed an orb of fire
 47763 | Zot:1    | Killed an orb of fire
 48286 | Zot:1    | Reached skill level 15 in Invocations
 48294 | Zot:1    | Reached XP level 27. HP: 227/227 MP: 35/35
 51826 | Zot:4    | Identified the +1 leather armour of Oxkem {Will- Dex+5
                  | Stlth+}
 52085 | Zot:4    | Found a runed translucent gate.
 52085 | Zot:4    | Noticed an ancient lich
 52085 | Zot:4    | Noticed an ancient lich
 52085 | Zot:4    | Noticed Xapeig's ghost (legendary GrAr)
 52086 | Zot:4    | Found a runed translucent gate.
 52086 | Zot:4    | Found an ancient bone altar of Kikubaaqudgha.
 52086 | Zot:4    | Noticed a dread lich
 52086 | Zot:4    | Noticed a dread lich
 52087 | Zot:4    | Found a runed translucent gate.
 52091 | Zot:4    | Found the ring of the Mage {Wiz Archmagi}
 52268 | Zot:4    | Killed a dread lich
 52297 | Zot:4    | Killed an ancient lich
 52299 | Zot:4    | Killed a dread lich
 52305 | Zot:4    | Killed Xapeig's ghost
 52310 | Zot:4    | Killed an ancient lich
 52334 | Zot:4    | Identified the -1 pair of gloves "Venusm" {Harm Will+ rCorr
                  | Dex-4}
 52337 | Zot:4    | Identified the ring "Bivaiju" {rCorr Slay+3}
 52414 | Zot:5    | Entered Level 5 of the Realm of Zot
 52779 | Zot:5    | Noticed a dread lich
 52784 | Zot:5    | Killed a dread lich
 52806 | Zot:5    | Noticed an orb of fire
 52810 | Zot:5    | Noticed an orb of fire
 52817 | Zot:5    | Noticed a dread lich
 52818 | Zot:5    | Killed an orb of fire
 52821 | Zot:5    | Noticed an ancient lich
 52825 | Zot:5    | Gained mutation: You occasionally lose the ability to drink
                  | potions when taking damage. [an orb of fire]
 52826 | Zot:5    | Gained mutation: You are dopey. (Int -2) [an orb of fire]
 52827 | Zot:5    | Killed an orb of fire
 52833 | Zot:5    | Killed a dread lich
 52838 | Zot:5    | Killed an ancient lich
 52865 | Zot:5    | Reached skill level 27 in Fighting
 52944 | Zot:5    | Lost mutation: You are dopey. (Int -2) [potion of mutation]
 52944 | Zot:5    | Lost mutation: You are partially covered in iridescent
                  | scales. (AC +2) [potion of mutation]
 52944 | Zot:5    | Gained mutation: You are dopey. (Int -2) [potion of
                  | mutation]
 52944 | Zot:5    | Gained mutation: You are covered in fur. (AC +1) [potion of
                  | mutation]
 52945 | Zot:5    | Lost mutation: You are dopey. (Int -2) [potion of mutation]
 52945 | Zot:5    | Lost mutation: You occasionally lose the ability to drink
                  | potions when taking damage. [potion of mutation]
 52945 | Zot:5    | Gained mutation: You are agile. (Dex +4, Str/Int -1)
                  | [potion of mutation]
 52945 | Zot:5    | Gained mutation: You are frail. (-10% HP) [potion of
                  | mutation]
 52945 | Zot:5    | Gained mutation: You are partially covered in iridescent
                  | scales. (AC +2) [potion of mutation]
 53255 | Zot:5    | Got the Orb of Zot
 53821 | D:$      | Escaped with the Orb!

Illustrated notes

Levels and vault maps discovered:
D:1:      pf_arrival_petrified_forest, layout_basic
D:2:      layout_rooms, basic_altar, minmay_tromino_mix6
D:3:      layout_basic, dilly_ecumenical_altar_fadedgnrine, uniq_jessica,
          uniq_terence
D:4:      layout_basic, mainiacjoe_overflow_alcove_4, uniq_duvessa
D:5:      layout_basic, lemuel_round_altar, minmay_diced_spiral, uniq_edmund,
          uniq_grinder
D:6:      layout_cave_pools, mainiacjoe_overflow_catwalk,
          nicolae_fountain_basement, uniq_maggie
D:7:      layout_basic, lemuel_doored_altar, minmay_temple_entry_trees,
          serial_shops, shop, uniq_pikel
D:8:      layout_basic, minmay_crystal_room
D:9:      layout_cross, mainiacjoe_overflow_surrounded_room, elyvilon_altar_1,
          dreamdust_wishing_well
D:10:     layout_rooms, lemuel_crystal_altar, nicolae_good_shop, uniq_snorg
D:11:     layout_loops_ring, david_lair_shrubbed, uniq_erolcha
D:12:     layout_layer_cave, orc_david_3, uniq_azrael, uniq_nessos
D:13:     layout_roguey, grunt_vaults_entry_tiered
D:14:     layout_roguey, biasface_ghost_orc_armoury, okawaru_trees_2
D:15:     grunt_enter_depths_snipers, layout_cave_pools,
          minmay_misc_feat_diagonals, enter_trove_1, uniq_jorgrun
Temple:   minmay_freezing_vapour_temple
Lair:1:   layout_loops_ring, minivault_26, uniq_grum
Lair:2:   layout_big_grid, nicolae_snake_entry_warm_welcome, st_stairs_8
Lair:3:   layout_misc_corridors, elwin_shoals_entry_rocks, serial_bayou_shore_b,
          grunt_megastairs_5, serial_bayou_shore_b
Lair:4:   layout_regular_city, grunt_megastairs_4, uniq_sonja
Lair:5:   wormcave, layout_cave_shapes, guppyfry_lair_end_dragon,
          nicolae_slime_entry_slimehenge, gammafunk_ghost_hive,
          serial_bayou_shore_a
Shoals:1: layout_shoals, serial_shops, shop,
          nicolae_shoals_lost_giant_amphitheater, uniq_frances
Shoals:2: nicolae_shoals_lighthouse, layout_shoals,
          portal_ice_cave_entry_ice_statue_one, regret_index_shoals_crete,
          uniq_louise
Shoals:3: layout_shoals
Shoals:4: shoals_end_grunt_ice, layout_shoals, shoal_ilsuiw, serial_shops, shop,
          nicolae_shoals_kraken_intersection
Snake:1:  layout_misc_corridors, serial_shops, shop,
          nicolae_shop_just_a_little_nook, hangedman_snake_corridor_split,
          uniq_nikola
Snake:2:  layout_chambers, uniq_aizul
Snake:3:  layout_layer_cave
Snake:4:  snake_pit_salamanders_mu, layout_chambers, serial_shops, shop
Slime:1:  layout_caves, cheibrodos_slime_lost_civilization_7
Slime:2:  layout_caves
Slime:3:  layout_caves
Slime:4:  layout_caves
Slime:5
Orc:1:    layout_diamond_mine, serial_shops, nicolae_orc_crystal_geode,
          uniq_gastronok
Orc:2:    pf_orc_diabolical, layout_diamond_mine, basic_altar,
          nicolae_orc_sculptors_studio, uniq_urug
Elf:1:    minmay_the_grid_triangle_9x9_recursive_3_mashed
          [minmay_the_grid_triangle_9x9_impossible_snake,
          minmay_the_grid_triangle_9x9_minimal,
          minmay_the_grid_triangle_9x9_sprig,
          minmay_the_grid_triangle_9x9_prize_center,
          minmay_the_grid_triangle_9x9_flanged_cone,
          minmay_the_grid_triangle_9x9_windchime,
          minmay_the_grid_triangle_9x9_from_above,
          minmay_the_grid_triangle_9x9_fully_insulated_deathbox,
          minmay_the_grid_triangle_9x9_subtriangle], layout_loops_ring,
          kennysheep_underground_church
Elf:2:    nicolae_elf_blades_splatter_lattice [grunt_blade_entry_basic],
          layout_geoelf_diagonals, lemuel_upstairs_altar
Elf:3:    minmay_elf_hall_x, layout_loops_cross,
          lightli_enter_wizlab_magi_temple, drop_trap
Vaults:1: nicolae_vaults_tetromino_T_2, vaults_standard_mumra_x,
          nicolae_vaults_quadrants, nicolae_vaults_specimen_jars,
          nicolae_vaults_trapezoid_layered, nicolae_vaults_sesquioval_fish,
          nicolae_vaults_closet_pinwheel_5, nicolae_vaults_storage_closets_3,
          nicolae_vaults_taking_the_gang_shopping, nicolae_vaults_trapezoid_4,
          ontoclasm_vaults_loading_screen, nicolae_vaults_diamond_2,
          hangedman_vaults_snaps, vaults_dpeg_spiral, layout_vaults_omnicross,
          serial_shops, shop
Vaults:2: nicolae_vaults_offset_grid_hallway_2,
          nicolae_vaults_oval_intersection, nicolae_vaults_oval_intersection,
          nicolae_vaults_tetromino_Z_2, nicolae_vaults_closet_pinwheel_6,
          nicolae_vaults_heist, nicolae_vaults_trapezoid_lopsided_1,
          ontoclasm_vaults_loading_screen, nicolae_vaults_prndl,
          layout_vaults_omnigrid, serial_shops, nicolae_shop_hallway_stairs
Vaults:3: v_pattern_4, nicolae_vaults_closet_pinwheel_5,
          minmay_crypt_entry_simple_round, nicolae_vaults_heart-shaped_vault,
          nicolae_vaults_stepped_doors, nicolae_vaults_puzzle_piece,
          nicolae_vaults_bisected_inception, nicolae_vaults_off_center_swirl,
          vaults_room_hallway, dpeg_vaults_monster_row,
          nicolae_vaults_diamond_1, layout_vaults_maze
Vaults:4: nicolae_vaults_trapezoid_3, nicolae_vaults_lightning_bolt, v_misc_8,
          nicolae_vaults_variable_pillar_hall, nicolae_vaults_shrinking_rooms_1,
          serial_ice_m, nicolae_vaults_trapezoid_1, hangedman_vaults_nodes,
          hangedman_vaults_trim, ontoclasm_vaults_twist, vaults_dpeg_diagonal,
          vaults_mumra_hexcomb, layout_vaults_ring
Vaults:5: serial_shops
Crypt:1:  layout_misc_corridors, basic_altar, grunt_crypt_arrival_webbed
Crypt:2:  layout_regular_city, ebering_ghost_rock_garden
Crypt:3:  grunt_crypt_end_deaths_head
Depths:1: layout_gridville, grunt_pan_entry_in_and_out, hell_entry,
          minmay_misc_feat_secret_circle, kennysheep_generic_room_13
Depths:2: minmay_diamond_stairs, layout_cave_shapes,
          nicolae_hell_entry_big_baal_hell, rand_demon_pan_entry_5,
          minmay_misc_feat_iff
Depths:3: evilmike_hourglass, layout_long_grid, minmay_room_of_horrors,
          serial_shops, shop, hell_entry, infiniplex_staircase_river
Depths:4: grunt_twist_and_shout, layout_basic, enter_ziggurat_b,
          hex_intersection, hell_entry, abyss_entry_flame_altar,
          rand_demon_pan_entry_4, feat_on_display
Zot:1:    hangedman_zot_vaults_quadrants, layout_concentric_octagons,
          uniq_josephina, uniq_parghit
Zot:2:    layout_cellular_growth, st_stairs_8
Zot:3:    layout_onion_interference
Zot:4:    layout_cathedral_of_symmetry, gammafunk_ghost_crypt,
          st_small_dragon_hoard_4
Zot:5:    layout_gridville

Skill      XL: |  1  2  3  4  5  6  7  8  9 10 11 12 13 14 15 16 17 18 19 20 21 22 23 24 25 26 27 |
---------------+----------------------------------------------------------------------------------+-----
Transmutations | 3 5 6 7 9 10 11 12 | 12.9
Poison Magic   | 2 4 |  4.1
Unarmed Combat | 6 8 9 13 16 18 20 22 23 25 27 | 27.0
Spellcasting   | 3 5 6 8 |  8.4
Earth Magic    | 1 8 9 10 11 12 | 12.7
Ice Magic      | 2 6 |  6.5
Dodging        | 5 8 10 12 15 16 19 20 22 | 22.5
Fighting       | 2 7 11 12 16 20 27 | 27.0
Invocations    | 7 10 12 13 15 17 | 17.3
Shields        | 3 6 10 13 15 | 15.0
Evocations     | 7 12 15 | 15.0
Translocations | 5 |  5.5
Armour         | 5 8 |  8.0

Action                     |  1- 3 |  4- 6 |  7- 9 | 10-12 | 13-15 | 16-18 | 19-21 | 22-24 | 25-27 || total
---------------------------+-------+-------+-------+-------+-------+-------+-------+-------+-------++-------
  Melee: Unarmed           |   105 |    37 |   160 |   489 |   710 |   639 |  1020 |  1121 |  1127 ||  5408
         Kick              |    29 |     3 |     4 |       |       |   186 |   376 |   311 |       ||   909
         Headbutt          |    11 |     1 |       |       |       |       |       |       |       ||    12
         Short sword       |    13 |    28 |    46 |    25 |       |       |       |       |       ||   112
         Punch             |     2 |     3 |     1 |     6 |     8 |       |       |       |       ||    20
         Flail             |       |       |       |       |     2 |       |       |       |       ||     2
  Throw: Stone             |     5 |     5 |     8 |     8 |     3 |     5 |     8 |     3 |     2 ||    47
   Cast: Beastly Appendage |    29 |     3 |     2 |       |       |       |       |       |       ||    34
         Spider Form       |       |     6 |    27 |     8 |       |       |     1 |       |       ||    42
         Wereblood         |       |       |     6 |    17 |    22 |    11 |    25 |    22 |    24 ||   127
         Ice Form          |       |       |       |    39 |    29 |       |       |       |       ||    68
         Statue Form       |       |       |       |       |    39 |    69 |    87 |    78 |    98 ||   371
         Lesser Beckoning  |       |       |       |       |       |       |    41 |    12 |    34 ||    87
         Blink             |       |       |       |       |       |       |     1 |       |       ||     1
         Frozen Ramparts   |       |       |       |       |       |       |       |     4 |     7 ||    11
 Invoke: Bend Time         |       |       |       |     1 |     2 |       |       |     1 |     3 ||     7
         Slouch            |       |       |       |       |     7 |    12 |     8 |     4 |     7 ||    38
         Temporal Distorti |       |       |       |       |     1 |     8 |     3 |     7 |     9 ||    28
         Step From Time    |       |       |       |       |       |       |     1 |     1 |     2 ||     4
Ability: Hop               |     1 |     1 |     1 |     4 |       |       |     3 |       |     1 ||    11
         End Transformatio |       |       |     2 |     2 |     1 |     2 |     2 |     1 |     3 ||    13
  Evoke: Wand              |       |       |    17 |     5 |       |       |     1 |       |       ||    23
         Condenser vane    |       |       |       |       |       |     1 |       |     1 |     4 ||     6
    Use: Scroll            |       |     7 |     7 |     6 |     5 |     8 |     8 |     2 |     8 ||    51
         Potion            |       |     1 |     1 |     5 |     2 |     5 |     2 |     3 |     6 ||    25
   Stab: Invisible         |       |       |       |     2 |       |       |       |       |     6 ||     8
         Sleeping          |       |       |       |     1 |     1 |     9 |     1 |     5 |     1 ||    18
         Betrayed ally     |       |       |       |     1 |       |       |       |       |       ||     1
         Distracted        |       |       |       |       |       |     3 |     2 |     2 |       ||     7
         Confused          |       |       |       |       |       |       |       |       |     4 ||     4
 Armour: Robe              |    18 |     2 |    12 |     7 |       |       |       |       |       ||    39
         Skin              |       |    18 |    35 |    97 |   163 |   164 |   290 |   224 |   289 ||  1280
         Leather armour    |       |       |     1 |       |       |       |       |       |       ||     1
         Troll leather arm |       |       |       |     7 |     9 |     7 |    19 |     5 |    12 ||    59
  Dodge: Dodged            |    63 |    28 |   162 |   321 |   710 |   589 |   896 |   935 |  1365 ||  5069
         Repelled          |       |       |       |     1 |     1 |       |       |       |       ||     2
  Block: Buckler           |       |       |       |       |   152 |   442 |    89 |       |       ||   683
         Kite shield       |       |       |       |       |       |       |   983 |   966 |  1048 ||  2997

Table legend: (Time is in decaauts)
 A = Elapsed time spent in this place.
 B = Non-inter-level travel time spent in this place.
 C = Inter-level travel time spent in this place.
 D = Time resting spent in this place.
 E = Time spent auto-exploring this place.
 F = Levels seen in this place.
 G = Mean time per level.
                   A        B        C        D        E       F      G
               +--------+--------+--------+--------+--------+-----+--------+
         Total | 103095 |  90752 |  12343 |   3850 |  62048 |  58 | 1777.5 |
       Dungeon |  23156 |  19570 |   3586 |   1938 |  13432 |  15 | 1543.7 |
        Temple |     13 |      7 |      6 |      0 |      0 |   1 |   13.0 |
          Lair |  10734 |   8308 |   2426 |    332 |   5986 |   5 | 2146.8 |
        Shoals |   8440 |   7940 |    500 |    112 |   5584 |   4 | 2110.0 |
     Snake Pit |  10153 |   9699 |    454 |     92 |   7537 |   4 | 2538.2 |
    Slime Pits |    841 |    723 |    118 |    109 |      0 |   5 |  168.2 |
  Orcish Mines |   4841 |   3463 |   1378 |    117 |   1919 |   2 | 2420.5 |
   Elven Halls |   5863 |   5258 |    605 |    249 |   3378 |   3 | 1954.3 |
        Vaults |  12701 |  11824 |    877 |     15 |   8432 |   5 | 2540.2 |
         Crypt |   5258 |   4783 |    475 |     38 |   2909 |   3 | 1752.7 |
        Depths |   7755 |   6601 |   1154 |    147 |   4796 |   4 | 1938.8 |
           Zot |  11879 |  11119 |    760 |    699 |   7876 |   5 | 2375.8 |
         Trove |    125 |    125 |      0 |      0 |      0 |   1 |  125.0 |
        Wizlab |   1329 |   1329 |      0 |      0 |    193 |   1 | 1329.0 |
               +--------+--------+--------+--------+--------+-----+--------+

Top non-repeatable levels by time:
 Snake:4: 3456 daAuts
    D:12: 3372 daAuts
   Zot:1: 3120 daAuts
   Orc:2: 3075 daAuts
  Lair:5: 3020 daAuts
   Zot:4: 2956 daAuts
 Snake:2: 2955 daAuts
Vaults:3: 2691 daAuts
Vaults:2: 2618 daAuts
Vaults:1: 2595 daAuts
Vaults:5: 2591 daAuts
Shoals:4: 2463 daAuts
   Zot:2: 2453 daAuts
Depths:3: 2418 daAuts
    D:13: 2398 daAuts
